General information
- name: BNet
- type: Ladder team game (AT/RT)
- host: Battle.net
- saver: brucewillisusa
map: MarketSquare
- players: 8
- length: 15:25
- speed: Fast
- version: 1.24 W3XP
- replay type: Public
» download(118 KB)
Players
team 1 (winner)

»
brucewillisusa (
teal | 87 APM | 1345 actions | 15:25)
6 Goblin Tinker
3 Pocket Factory
2 Engineering Upgrade
1 Robo-Goblin
4 Tauren Chieftain
2 Endurance Aura
2 War Stomp
» actions
| Assign group hotkey | 136 | |
| Basic commands | 36 | |
| Build / train | 55 | |
| ESC pressed | 8 | |
| Enter build submenu | 8 | |
| Enter hero's abilities submenu | 10 | |
| Right click | 639 | |
| Select / deselect | 213 | |
| Select group hotkey | 190 | |
| Use ability | 50 | |
1345 total
» units
| Peon | 8 | |
| Grunt | 15 | |
| Shaman | 6 | |
| Troll Witch Doctor | 6 | |
35 total
» upgrades
| Shaman Training | 2 | |
| Witch Doctor Training | 2 | |
| Berserker Strength | 1 | |
5 total
» buildings
| Altar of Storms | 1 | |
| Orc Burrow | 4 | |
| Barracks | 1 | |
| Stronghold | 1 | |
| Fortress | 1 | |
| Spirit Lodge | 2 | |
10 total
» build order
00:16 Altar of Storms
00:19 Orc Burrow
00:54 Barracks
01:53 Orc Burrow
02:24 Orc Burrow
02:46 Orc Burrow
03:58 Stronghold
06:45 Fortress
06:48 Spirit Lodge
07:05 Spirit Lodge
» items
Ogorthron (
blue | 34 APM | 522 actions | 15:24)
3 Goblin Tinker
2 Pocket Factory
1 Engineering Upgrade
3 Death Knight
1 Death Coil
2 Unholy Aura
» actions
| Assign group hotkey | 16 | |
| Basic commands | 21 | |
| Build / train | 48 | |
| Enter build submenu | 12 | |
| Enter hero's abilities submenu | 6 | |
| Give item / drop item | 1 | |
| Right click | 154 | |
| Select / deselect | 195 | |
| Select group hotkey | 40 | |
| Use ability | 29 | |
522 total
» units
| Acolyte | 4 | |
| Ghoul | 8 | |
| Crypt Fiend | 8 | |
| Obsidian Statue | 4 | |
| Necromancer | 4 | |
28 total
» upgrades
| Cannibalize | 1 | |
| Unholy Strength | 1 | |
| Unholy Armor | 1 | |
| Web | 1 | |
| Necromancer Training | 1 | |
| Skeletal Longevity | 1 | |
6 total
» buildings
| Altar of Darkness | 1 | |
| Ziggurat | 6 | |
| Crypt | 1 | |
| Graveyard | 1 | |
| Tomb of Relics | 1 | |
| Nerubian Tower | 1 | |
| Halls of the Dead | 1 | |
| Spirit Tower | 1 | |
| Slaughterhouse | 1 | |
| Temple of the Damned | 1 | |
| Black Citadel | 1 | |
16 total
» build order
00:11 Altar of Darkness
00:16 Ziggurat
00:51 Crypt
01:06 Graveyard
01:15 Tomb of Relics
01:25 Nerubian Tower
01:40 Ziggurat
04:39 Ziggurat
05:43 Halls of the Dead
06:14 Spirit Tower
06:45 Ziggurat
08:32 Slaughterhouse
08:34 Temple of the Damned
10:36 Ziggurat
12:42 Ziggurat
15:06 Black Citadel
» items
| Rod of Necromancy | 1 | |
| Scroll of Town Portal | 1 | |
2 total
SnakeBucket (
green | 40 APM | 617 actions | 15:24)
4 Priestess of the Moon
2 Searing Arrows
2 Trueshot Aura
» actions
| Assign group hotkey | 21 | |
| Build / train | 45 | |
| Enter build submenu | 16 | |
| Enter hero's abilities submenu | 4 | |
| Remove unit from queue | 2 | |
| Right click | 220 | |
| Select / deselect | 188 | |
| Select group hotkey | 97 | |
| Use ability | 24 | |
617 total
» units
| Wisp | 11 | |
| Huntress | 8 | |
| Hippogryph | 3 | |
| Archer | 3 | |
| Chimaera | 4 | |
29 total
» upgrades
| Moon Armor | 1 | |
| Strength of the Moon | 1 | |
| Strength of the Wild | 2 | |
| Reinforced Hides | 1 | |
| Hippogryph Taming | 1 | |
| Corrosive Breath | 1 | |
7 total
» buildings
| Altar of Elders | 1 | |
| Moon Well | 5 | |
| Ancient of War | 2 | |
| Hunter's Hall | 1 | |
| Tree of Ages | 1 | |
| Tree of Eternity | 1 | |
| Ancient of Wind | 1 | |
| Chimaera Roost | 2 | |
| Tree of Life | 1 | |
15 total
» build order
00:07 Altar of Elders
00:21 Moon Well
01:32 Ancient of War
01:53 Hunter's Hall
02:05 Ancient of War
02:27 Moon Well
04:07 Moon Well
04:52 Tree of Ages
06:03 Moon Well
07:57 Tree of Eternity
08:03 Ancient of Wind
10:34 Chimaera Roost
10:39 Chimaera Roost
11:46 Moon Well
13:52 Tree of Life

»
double_b (
orange | 54 APM | 829 actions | 15:24)
3 Goblin Tinker
1 Pocket Factory
2 Cluster Rockets
» actions
| Assign group hotkey | 23 | |
| Basic commands | 46 | |
| Build / train | 42 | |
| Enter build submenu | 16 | |
| Enter hero's abilities submenu | 3 | |
| Right click | 336 | |
| Select / deselect | 117 | |
| Select group hotkey | 208 | |
| Use ability | 38 | |
829 total
» units
| Wisp | 12 | |
| Archer | 2 | |
| Huntress | 7 | |
| Dryad | 6 | |
27 total
» upgrades
| Strength of the Moon | 1 | |
| Moon Armor | 1 | |
| Strength of the Wild | 2 | |
| Reinforced Hides | 2 | |
| Abolish Magic | 1 | |
7 total
» buildings
| Moon Well | 6 | |
| Altar of Elders | 1 | |
| Ancient of War | 1 | |
| Hunter's Hall | 1 | |
| Tree of Ages | 1 | |
| Ancient Protector | 3 | |
| Ancient of Lore | 3 | |
| Ancient of Wonders | 1 | |
| Tree of Eternity | 1 | |
18 total
» build order
00:49 Moon Well
00:53 Altar of Elders
00:57 Ancient of War
02:19 Moon Well
02:46 Hunter's Hall
02:54 Moon Well
03:24 Moon Well
05:44 Tree of Ages
05:50 Ancient Protector
05:52 Ancient Protector
08:57 Ancient of Lore
08:59 Ancient of Lore
09:31 Ancient of Lore
09:45 Moon Well
10:32 Ancient of Wonders
10:53 Moon Well
10:57 Tree of Eternity
12:18 Ancient Protector
» items
| Scroll of Town Portal | 1 | |
| Potion of Healing | 1 | |
2 total
team 2 (loser)

»
Re-Chavez (
red | 95 APM | 1434 actions | 15:07)
3 Archmage
2 Summon Water Elemental
1 Brilliance Aura
» actions
| Assign group hotkey | 7 | |
| Basic commands | 43 | |
| Build / train | 53 | |
| ESC pressed | 5 | |
| Enter build submenu | 23 | |
| Enter hero's abilities submenu | 3 | |
| Right click | 842 | |
| Select / deselect | 319 | |
| Select group hotkey | 65 | |
| Use ability | 74 | |
1434 total
» units
» upgrades
» buildings
| Altar of Kings | 2 | |
| Barracks | 1 | |
| Farm | 3 | |
| Scout Tower | 7 | |
| Lumber Mill | 1 | |
| Arcane Tower | 11 | |
| Arcane Vault | 1 | |
| Blacksmith | 3 | |
| Guard Tower | 1 | |
30 total
» build order
00:15 Altar of Kings
00:22 Barracks
00:37 Farm
00:53 Farm
02:10 Farm
02:14 Scout Tower
02:37 Lumber Mill
02:55 Arcane Tower
04:10 Arcane Vault
06:15 Scout Tower
06:50 Scout Tower
06:55 Arcane Tower
07:44 Arcane Tower
07:45 Arcane Tower
10:10 Scout Tower
10:36 Arcane Tower
10:37 Arcane Tower
10:57 Altar of Kings
11:27 Scout Tower
11:43 Blacksmith
11:51 Blacksmith
11:55 Blacksmith
11:57 Arcane Tower
12:02 Scout Tower
12:36 Guard Tower
12:37 Scout Tower
13:17 Arcane Tower
13:17 Arcane Tower
URMOMISFAT (
yellow | 80 APM | 1203 actions | 15:06)
4 Death Knight
2 Death Coil
2 Unholy Aura
3 Lich
2 Frost Nova
1 Frost Armor
» actions
| Assign group hotkey | 22 | |
| Build / train | 48 | |
| Enter build submenu | 11 | |
| Enter hero's abilities submenu | 7 | |
| Give item / drop item | 2 | |
| Right click | 817 | |
| Select / deselect | 205 | |
| Select group hotkey | 16 | |
| Use ability | 75 | |
1203 total
» units
| Acolyte | 7 | |
| Ghoul | 2 | |
| Crypt Fiend | 9 | |
| Obsidian Statue | 2 | |
20 total
» upgrades
| Web | 1 | |
| Creature Attack | 1 | |
| Creature Carapace | 1 | |
| Destroyer Form | 1 | |
4 total
» buildings
| Crypt | 1 | |
| Altar of Darkness | 1 | |
| Ziggurat | 5 | |
| Graveyard | 1 | |
| Tomb of Relics | 1 | |
| Nerubian Tower | 1 | |
| Halls of the Dead | 1 | |
| Spirit Tower | 2 | |
| Slaughterhouse | 1 | |
| Black Citadel | 1 | |
15 total
» build order
00:24 Crypt
00:27 Altar of Darkness
00:36 Ziggurat
01:02 Graveyard
01:35 Tomb of Relics
01:52 Ziggurat
02:21 Nerubian Tower
03:38 Halls of the Dead
03:55 Ziggurat
05:23 Spirit Tower
05:24 Spirit Tower
06:56 Slaughterhouse
10:57 Ziggurat
10:59 Ziggurat
11:29 Black Citadel
» items
| Rod of Necromancy | 2 | |
| Scroll of Town Portal | 2 | |
| Scroll of Regeneration | 1 | |
| Lesser Clarity Potion | 2 | |
| Potion of Lesser Invulnerability | 1 | |
8 total
medic78 (
pink | 35 APM | 538 actions | 15:17)
4 Mountain King
2 Storm Bolt
2 Bash
» actions
| Assign group hotkey | 26 | |
| Basic commands | 4 | |
| Build / train | 47 | |
| Enter build submenu | 17 | |
| Enter hero's abilities submenu | 4 | |
| Right click | 145 | |
| Select / deselect | 158 | |
| Select group hotkey | 100 | |
| Use ability | 37 | |
538 total
» units
» upgrades
| Plating | 2 | |
| Swords | 1 | |
| Animal War Training | 1 | |
4 total
» buildings
| Barracks | 2 | |
| Altar of Kings | 1 | |
| Farm | 8 | |
| Scout Tower | 1 | |
| Arcane Tower | 1 | |
| Blacksmith | 1 | |
| Keep | 1 | |
| Lumber Mill | 1 | |
| Castle | 1 | |
| Town Hall | 1 | |
18 total
» build order
00:18 Barracks
00:24 Altar of Kings
00:40 Farm
00:56 Farm
01:52 Scout Tower
01:57 Farm
02:19 Arcane Tower
02:44 Blacksmith
04:09 Keep
04:13 Lumber Mill
06:36 Castle
07:48 Barracks
08:06 Farm
09:04 Farm
11:22 Farm
12:43 Farm
12:44 Farm
14:29 Town Hall
» items
| Scroll of Regeneration | 4 | |
| Lesser Clarity Potion | 2 | |
6 total

»
toutou666_ (
purple | 40 APM | 622 actions | 15:23)
5 Lich
3 Frost Nova
2 Frost Armor
» actions
| Assign group hotkey | 17 | |
| Basic commands | 25 | |
| Build / train | 40 | |
| Enter build submenu | 11 | |
| Enter hero's abilities submenu | 5 | |
| Right click | 288 | |
| Select / deselect | 128 | |
| Select group hotkey | 85 | |
| Use ability | 23 | |
622 total
» units
| Acolyte | 7 | |
| Ghoul | 3 | |
| Crypt Fiend | 19 | |
29 total
» upgrades
» buildings
| Crypt | 2 | |
| Ziggurat | 5 | |
| Altar of Darkness | 1 | |
| Graveyard | 1 | |
| Tomb of Relics | 1 | |
| Halls of the Dead | 1 | |
11 total
» build order
00:09 Crypt
00:15 Ziggurat
00:37 Altar of Darkness
01:04 Graveyard
02:22 Crypt
02:26 Tomb of Relics
02:51 Ziggurat
03:50 Halls of the Dead
05:20 Ziggurat
07:07 Ziggurat
11:37 Ziggurat
» items
Chat log
(00:06 / Allies) brucewillisusa: u guys wanna do 4x tinker?
(00:12 / Allies) brucewillisusa: answer fast
(00:15 / All) URMOMISFAT: sup brucy baby
(00:16 / Allies) double_b: okay
(00:18 / Allies) SnakeBucket: I don't even know what that is
(00:19 / Allies) Ogorthron: ?
(00:22 / Allies) brucewillisusa: need 3 yesses
(00:24 / All) Re-Chavez: fuck u bruice
(00:27 / Allies) brucewillisusa: alternative is 4x panda
(00:28 / All) Re-Chavez: im sure now u dont leave
(00:30 / Allies) brucewillisusa: vote fast
(00:30 / Allies) double_b: yeessesss
(00:31 / Allies) brucewillisusa: panda or tinker
(00:33 / Allies) Ogorthron: no
(00:35 / Allies) double_b: tinker
(00:37 / Allies) brucewillisusa: ok
(00:39 / Allies) brucewillisusa: all go tinker
(00:42 / Allies) brucewillisusa: and get factory
(00:44 / Allies) brucewillisusa: will make for a fun rush
(00:57 / Allies) brucewillisusa: if i see less than 3 tinkers
(01:00 / Allies) SnakeBucket: like I said...don't know what that is
(01:00 / Allies) brucewillisusa: im afking
(01:02 / Allies) Ogorthron: due thats fine but I don't know what to do
(01:07 / Allies) brucewillisusa: its a hero u get at tavern
(01:13 / All) URMOMISFAT: bruce?
(01:15 / Allies) brucewillisusa: isntead of altar
(01:16 / Allies) SnakeBucket: k
(01:18 / All) URMOMISFAT: i can't get no love
(01:21 / All) brucewillisusa: trying to talk my team into 4x tav hero
(01:24 / Allies) SnakeBucket: well shit..I have altar
(01:28 / Allies) brucewillisusa: u need altar
(01:29 / Allies) brucewillisusa: to use tavern
(01:33 / All) brucewillisusa: holy shit 2 of them dont know what tavern is
(01:42 / Allies) SnakeBucket: I know what the tavern is, asshole
(01:43 / All) URMOMISFAT: lol 4x tinker
(01:44 / All) brucewillisusa: how come im matched against bnets premier dk fiender and a re-gryhard
(01:48 / All) brucewillisusa: and mya llies dont know what a tavern is
(01:58 / Allies) double_b: wow man u suck
(02:00 / All) URMOMISFAT: lol
(02:02 / Allies) double_b: dont talk to all
(02:09 / Allies) brucewillisusa: all tinekr and mass tier 1
(02:11 / Allies) brucewillisusa: we meet here
(02:33 / Allies) brucewillisusa: meeeeet
(02:34 / Allies) Ogorthron: what spell?
(02:37 / Allies) brucewillisusa: factory
(02:39 / Allies) brucewillisusa: save it for our rush
(02:50 / All) Re-Chavez: die hard sucked
(02:51 / Allies) brucewillisusa: meeeet
(03:03 / Allies) double_b: omw
(03:06 / Allies) brucewillisusa: lets gogogogo
(03:21 / All) URMOMISFAT: lol tinkger
(03:24 / All) URMOMISFAT: call to arms
(03:28 / All) URMOMISFAT: u newbs
(03:55 / All) medic78: yeah tp that level 1
(04:07 / Allies) brucewillisusa: summon those factories fast
(04:21 / Allies) SnakeBucket: fuck it...I'm just going chims
(04:36 / All) URMOMISFAT: oj trapped himself
(04:38 / All) URMOMISFAT: what a newb
(04:48 / All) double_b: its a tree i can move it
(05:21 / All) double_b: LOL
(05:28 / Allies) Ogorthron: im out
(06:27 / All) URMOMISFAT: wow
(06:29 / All) URMOMISFAT: purple
(06:30 / All) URMOMISFAT: fucking newb
(06:34 / All) URMOMISFAT: nice block
(06:36 / All) URMOMISFAT: faggot
(06:53 / All) brucewillisusa: u guys are winning
(06:57 / All) brucewillisusa: settle down
(07:01 / Allies) brucewillisusa: go
(07:13 / Allies) brucewillisusa: fucking go potm noobshit
(07:14 / Allies) brucewillisusa: jesus fuck off
(07:23 / Allies) brucewillisusa: kill mk
(07:31 / Allies) brucewillisusa: gO IN
(07:32 / Allies) brucewillisusa: GO IN
(07:36 / Allies) brucewillisusa: STOP CLOCGGGIN ENTRANCE
(07:37 / All) URMOMISFAT: wow man seriously
(08:11 / All) URMOMISFAT: fucking tinkey newbs
(08:13 / All) brucewillisusa: DID U REALLY JUST TP TO UR OWN TOWN?
(08:14 / All) brucewillisusa: LOL
(08:34 / Allies) brucewillisusa: WE WILL NEED AA
(08:39 / Allies) brucewillisusa: FOR THE UNDEADS WYRMS
(08:50 / Allies) Ogorthron: ill work on fiends
(09:36 / All) URMOMISFAT: no micro
(09:37 / All) URMOMISFAT: ftw
(09:39 / All) URMOMISFAT: with newbs
(09:40 / All) URMOMISFAT: gg
(09:41 / All) brucewillisusa: DK FIENDS
(09:43 / All) brucewillisusa: CRYING
(09:44 / All) brucewillisusa: ABOUT TINKERs
(09:45 / All) brucewillisusa: REALLY?
(09:58 / All) Re-Chavez: seriously
(10:22 / Allies) brucewillisusa: ALL HAVE TP?
(10:26 / Allies) brucewillisusa: i haevf lust now
(10:34 / Allies) brucewillisusa: not unmounts pls
(10:36 / All) URMOMISFAT: u newbs keep rushing pink keeps teching
(10:38 / All) URMOMISFAT: classic
(10:39 / Allies) brucewillisusa: get somethign that works vs waht they actualyl have
(11:02 / All) brucewillisusa: why is my team massing unmounts?
(11:05 / All) URMOMISFAT: level 5
(11:07 / All) URMOMISFAT: impressive
(11:08 / All) brucewillisusa: do they maphack and see ur air?
(11:10 / All) brucewillisusa: i dont see air...
(12:33 / Allies) double_b: GO ?
(12:37 / Allies) brucewillisusa: ya
(12:47 / All) URMOMISFAT: ic ant play with these newbs gg
(12:52 / All) brucewillisusa: cry cry cry dk dkd dk
(12:55 / All) double_b: just l;eeave and stfu
(14:44 / All) URMOMISFAT: purp is so bad
(14:54 / All) URMOMISFAT: wow